 Dungeon Crawl Stone Soup version 0.32-a0-450-g080537f31e (webtiles) character file.

Game seed: 16200516339372040287

534 Dittersdorf the Trooper (level 7, 0/44 HPs)
             Began as a Gargoyle Fighter on Feb 23, 2024.
             Slain by a water moccasin (4 damage)
             ... on level 4 of the Dungeon.
             The game lasted 00:02:03 (2423 turns).

Dittersdorf the Trooper (Gargoyle Fighter)          Turns: 2423, Time: 00:02:04

Health: 0/44       AC: 13    Str: 22    XL:     7   Next: 25%
Magic:  7/7        EV:  9    Int:  8    God:
Gold:   217        SH:  4    Dex:  9    Spells: 6/6 levels left

rFire   . . .        a - +0 flail
rCold   . . .        c - +0 buckler
rNeg    + . .        b - +0 scale mail
rPois   ∞            (no helmet)
rElec   +            (no cloak)
rCorr   .            (no gloves)
SInv    .            h - +0 pair of boots
Will    +....        (no amulet) Stlth
                     (no ring)
HPRegen 0.27/turn    (no ring)
MPRegen 0.10/turn

%: no passive effects
@: mighty, enlightened, flying
A: sickness immunity, AC +4, negative energy resistance 1, electricity
resistance, torment resistance 1, petrification resistance
a: no special abilities


You were on level 4 of the Dungeon.
You visited 1 branch of the dungeon, and saw 4 of its levels.

You collected 217 gold pieces.

Inventory:

Hand Weapons
 a - a +0 flail (weapon)
Armour
 b - a +0 scale mail (worn)
 c - a +0 buckler (worn)
 h - a +0 pair of boots (worn)
Scrolls
 e - 2 scrolls of immolation {unknown}
 g - 3 scrolls of identify {unknown}
 i - a scroll of enchant weapon {unknown}
 j - a scroll of vulnerability {unknown}
 k - a scroll of blinking {unknown}
 l - a scroll of fog {unknown}
Potions
 f - 3 potions of enlightenment


   Skills:
 + Level 5.3 Fighting
 + Level 4.1 Maces & Flails
 + Level 5.2 Armour
 + Level 5.1 Shields


You had 6 spell levels left.
You didn't know any spells.
Your spell library was empty.

Dungeon Overview and Level Annotations

Branches:
Dungeon (4/15)
 Temple: D:4-7

Altars:
Ashenzari
Fedhas
Nemelex Xobeh
Qazlal


Innate Abilities, Weirdness & Mutations

You are immune to sickness and miasma.
Your stone body is resilient. (AC +4)
You are immune to poison.
You resist negative energy. (rN+)
You are resistant to electric shocks. (rElec)
You are resistant to unholy torment.
You are immune to petrification.


Message History

You are too injured to fight recklessly!
You are too injured to fight recklessly!
You hit Edmund.
Edmund is heavily wounded.
Edmund hits you with a +4 flail of pain.
You barely miss Edmund.
Edmund is heavily wounded.
Edmund hits you but does no damage.
You thump Edmund!
Edmund is severely wounded.
Edmund says, "People will remember me!
They'll remember me and die!"
Edmund hits you but does no damage.
You writhe in agony.
Edmund hits you with a +4 flail of pain.
* * * LOW HITPOINT WARNING * * *
You barely miss Edmund.
Edmund is severely wounded.
Edmund hits you with a +4 flail of pain!
* * * LOW HITPOINT WARNING * * *
You hit Edmund but do no damage.
Edmund is severely wounded.
Edmund barely misses you.
You thump Edmund!
You kill Edmund!
The water moccasin closely misses you.
Your Maces & Flails skill increases to level 4!
Your Shields skill increases to level 5!
You have reached level 7!
You miss the water moccasin.
You block the water moccasin's attack. x2
It was a potion of enlightenment.
You feel very buoyant.
You fly up into the air.
The water moccasin barely misses you.
You feel very mighty all of a sudden.
The water moccasin bites you but does no damage. x2
You sock the water moccasin!
The water moccasin is moderately wounded.
The water moccasin bites you but does no damage.
You hit the water moccasin but do no damage.
The water moccasin is moderately wounded.
The water moccasin closely misses you. The water moccasin bites you.
You die...

#.......#.......##........)#####
#.......#.......##.........))...
##....###.......##.....#########
##....# #.......###....# #.....#
#.......# #....# #.....#
#####.#.# #....# #.....# #...#.#
#....# #.....# #.#.#.# ######
#.....#####.#.#@#
#...........###S# #############
#.# ..# ..# #..# #..# ...#


You could see a water moccasin.

Vanquished Creatures
  Edmund (D:4)
  2 scorpions (D:3)
  A jelly (D:4)
  A bombardier beetle (D:3)
  Natasha (thrice) (D:3)
  An iguana (D:4)
  4 gnolls (D:4)
  6 adders
  A ribbon worm (D:2)
  A dart slug (D:1)
  5 orcs
  8 endoplasms
  2 giant cockroaches (D:1)
  4 goblins
  4 hobgoblins
  3 jackals (D:1)
  A quokka (D:3)
  6 ball pythons
  3 bats
  A frilled lizard (D:3)
  4 kobolds
  7 rats
69 creatures vanquished.

Notes
Turn   | Place    | Note
-------+----------+-------------------------------------------
     0 | D:1      | Dittersdorf the Gargoyle Fighter began the quest for the
                  | Orb.
     0 | D:1      | Reached XP level 1. HP: 14/14 MP: 1/1
   107 | D:1      | Reached XP level 2. HP: 19/19 MP: 2/2
   190 | D:1      | You fall into a shaft and drop 1 floor!
   223 | D:2      | Reached XP level 3. HP: 23/24 MP: 3/3
   689 | D:2      | Reached XP level 4. HP: 28/29 MP: 4/4
   950 | D:3      | Noticed a scorpion
   957 | D:3      | Killed a scorpion
   958 | D:3      | Reached XP level 5. HP: 33/33 MP: 5/5
   971 | D:3      | Noticed Natasha
   991 | D:3      | Killed Natasha
  1022 | D:3      | Noticed Natasha
  1034 | D:3      | Killed Natasha
  1035 | D:3      | Reached XP level 6. HP: 32/39 MP: 6/6
  1049 | D:3      | Noticed Natasha
  1061 | D:3      | Killed Natasha
  1190 | D:3      | Found a broken altar of Ashenzari.
  1290 | D:3      | Found a sparkling altar of Nemelex Xobeh.
  1403 | D:3      | Found a faded altar of an unknown god.
  1601 | D:3      | Found a blossoming altar of Fedhas.
  1899 | D:4      | Found a stormy altar of Qazlal.
  2078 | D:4      | Reached skill level 5 in Fighting
  2146 | D:4      | Reached skill level 5 in Armour
  2401 | D:4      | Noticed Edmund
  2406 | D:4      | Noticed a water moccasin
  2416 | D:4      | HP: 1/40 [Edmund/+4 flail of pain (9)]
  2418 | D:4      | Killed Edmund
  2419 | D:4      | Reached skill level 5 in Shields
  2419 | D:4      | Reached XP level 7. HP: 2/44 MP: 7/7
  2423 | D:4      | Slain by a water moccasin

Illustrated notes

Levels and vault maps discovered:
D:1:      psy_arrival_dodecagon, layout_rooms
D:2:      layout_rooms
D:3:      layout_rooms, mainiacjoe_overflow_surrounded_room,
          mainiacjoe_overflow_six_doors_small,
          mainiacjoe_overflow_cross_hatched, dreamdust_ecumenical_altar_grove,
          st_stairs_2, uniq_natasha
D:4:      layout_basic, nicolae_qazlal_general_emergency,
          chequers_serial_rivers_micro_c, grunt_decor_resistance, uniq_edmund

Skill      XL: |  1  2  3  4  5  6 |
---------------+-------------------+-----
Fighting       | 4 5 |  5.3
Maces & Flails | 3 4 |  4.1
Armour         | 4 5 |  5.2
Shields        | 4 5 |  5.1

Action                     |  1- 3 |  4- 6 |  7- 9 || total
---------------------------+-------+-------+-------++-------
  Melee: Flail             |    80 |   179 |     3 ||   262
    Use: Potion            |       |       |     2 ||     2
 Armour: Scale mail        |    72 |   146 |     4 ||   222
  Dodge: Dodged            |    57 |    88 |     2 ||   147
  Block: Buckler           |    19 |    40 |     2 ||    61

Table legend: (Time is in decaauts)
 A = Elapsed time spent in this place.
 B = Non-inter-level travel time spent in this place.
 C = Inter-level travel time spent in this place.
 D = Time resting spent in this place.
 E = Time spent auto-exploring this place.
 F = Levels seen in this place.
 G = Mean time per level.
                   A        B        C        D        E       F      G
               +--------+--------+--------+--------+--------+-----+--------+
         Total |   2499 |   2380 |    119 |    375 |   1420 |   4 |  624.8 |
       Dungeon |   2499 |   2380 |    119 |    375 |   1420 |   4 |  624.8 |
               +--------+--------+--------+--------+--------+-----+--------+

Top non-repeatable levels by time:
     D:3: 818 daAuts
     D:4: 710 daAuts
     D:1: 584 daAuts
     D:2: 386 daAuts
